cohdb
Replays
Latest Replays
All Replays
Popular Replays
Top Player Replays
Match Explorer
How It Works
Community
CoH3 Stats
Reddit
Sign in to upload your games and track your stats! →
Sign in with Steam
Match 44277076
Unlisted
Match 44277076
Overview
Messages
Build Orders
End
Selects Canadian Shock Battlegroup
Construct Section Command Post
Dingo Light Scout Car
Dingo Light Scout Car
Vickers Machine Gun Team
Infantry Section
Infantry Section
Construct Platoon Command Post
Grenade Package
Selects Attacking Spirit
Selects Incendiary Munitions
Selects Canadian Shock Section
Humber Armored Car
6-pounder Anti-tank Gun Team
Canadian Shock Section
Infantry Section
Selects Pyrotechnics
Construct Company Command Post
Crusader II Medium Tank
Crusader II Medium Tank
Karline🥰❤️🖤💔
龙舞青云
stock726
SergioMoralez
XuZhongwei
MG42
老公
baegi
0
0
Comments
sign in to comment!
No comments posted yet!